 Dungeon Crawl Stone Soup version 0.22.1-6-g1668fe2c40 (webtiles) character file.

34 Forgol the Insei (level 3, -3/23 HPs)
             Began as an Octopode Transmuter on Jan 24, 2019.
             Killed by divine providence
             ... invoked by an orc priest
              (13 damage)
             ... on level 3 of the Dungeon.
             The game lasted 00:05:19 (1803 turns).

Forgol the Insei (Octopode Transmuter)              Turns: 1803, Time: 00:05:21

Health: -3/23      AC:  1    Str: 10    XL:     3   Next: 31%
Magic:  4/6        EV: 13    Int: 15    God:
Gold:   72         SH:  0    Dex: 12    Spells: 3/6 levels left

rFire    . . .     SeeInvis .     - Unarmed
rCold    . . .     Gourm    .   (no shield)
rNeg     . . .     Faith    .   (helmet restricted)
rPois    .         Spirit   .   k - amulet of regeneration
rElec    .         Reflect  .   (no ring)
rCorr    .         Harm     .   (no ring)
MR       .....                  (no ring)
Stlth    ++........             (no ring)
HPRegen  0.47/turn              (no ring)
MPRegen  0.10/turn              (no ring)
                                (no ring)
                                (no ring)

@: appendage (expiring)
A: almost no armour, stealthy swim, amphibious, 8 rings, constrict 8, tentacle
spike 3, camouflage 1, gelatinous body 1
a: End Transformation


You were on level 3 of the Dungeon.
You were hungry.
One of your tentacles had a temporary spike.
You visited 1 branch of the dungeon, and saw 3 of its levels.

You collected 72 gold pieces.

Inventory:

Hand Weapons
 e - a cursed -3 hand axe
Missiles
 a - 55 arrows
 d - 97 stones (quivered)
Jewellery
 k - an amulet of regeneration (around mantle)
Wands
 l - a wand of flame (26)
Scrolls
 g - a scroll of identify
Potions
 i - a potion of curing
Comestibles
 c - 4 rations


   Skills:
 - Level 1.0 Fighting
 + Level 2.5 Dodging
 + Level 3.4 Unarmed Combat
 - Level 2.0 Spellcasting
 * Level 2.7 Transmutations


You had 3 spell levels left.
You knew the following spells:

 Your Spells              Type           Power        Failure   Level  Hunger
a - Beastly Appendage     Tmut           #.....       7%          1    #......
b - Sticks to Snakes      Tmut           #.......     11%         2    ###....

Your spell library contained the following spells:

 Spells                   Type           Power        Failure   Level  Hunger
 Spider Form              Tmut/Pois      #.........   36%         3    ###....
 Ice Form                 Ice/Tmut       #.......     77%         4    #####..
 Blade Hands              Tmut           #.........   89%         5    ######.


Dungeon Overview and Level Annotations

Branches:
Dungeon (3/15)

Altars:
Trog


Innate Abilities, Weirdness & Mutations

You cannot wear most types of armour.
You are very stealthy in the water. (Stealth+)
You are amphibious.
You can wear up to eight rings at the same time.
You can use your tentacles to constrict eight enemies at once.
Your skin changes colour to match your surroundings (Stealth+).
Your rubbery body absorbs attacks. (AC +1, EV +1)
One of your tentacles bears a large vicious spike.


Message History

The orc priest looks braver for a moment.
You start resting.
The orc priest is too close now for your liking.
You swap places.
Your transformation is almost over.
The orc priest hits you.
You tentacle-slap the orc priest. Your grab misses the orc priest.
The orc priest is lightly wounded.
The orc priest hits you.
You tentacle-slap the orc priest. You grab the orc priest.
Your squeeze misses the orc priest.
The orc priest is moderately wounded.
You constrict the orc priest. The orc priest barely misses you.
You tentacle-slap the orc priest. You squeeze the orc priest.
The orc priest is almost dead.
You constrict the orc priest.
The orc priest mumbles some strange prayers to Beogh against you.
Beogh smites you!
Ouch! That really hurt!
You die...

...o. .....#+#### #+#
..........# #.# ..........#
####### #.# .....o....# #.....
#.# ..........+ .... #.#
......)†..###.##### #.#
#+##o..)...#...# ######.#
#S@o....#..#.#.#.#
.....#.###########.##.#..#.#.#.#
.....#...........#.##.#......#.#
...).#...........#.##.##.#...#.#
...........#######.##.##.#.#.#.#
#.......<........#.##.##.###<#.#
#...........####.#.##.##.......#
#........(..#..#.#.## ######..#
######'##'#.#..#.#.##.#######..#


You could see an orc priest, an orc and a friendly adder.

Vanquished Creatures
  A shadow imp (D:3)
  A worm (D:2)
  2 leopard geckos (D:1)
  An orc (D:3)
  3 giant cockroaches
  A goblin (D:2)
  A hobgoblin (D:1)
  3 kobolds
  2 frilled lizards
  5 rats (D:1)
20 creatures vanquished.

Vanquished Creatures (collateral kills)
  A hobgoblin (D:3)
1 creature vanquished.

Grand Total: 21 creatures vanquished

Notes
Turn   | Place    | Note
-------+----------+-------------------------------------------
     0 | D:1      | Forgol the Octopode Transmuter began the quest for the Orb.
     0 | D:1      | Reached XP level 1. HP: 13/13 MP: 3/3
   745 | D:1      | Reached XP level 2. HP: 14/18 MP: 5/5
  1439 | D:2      | Learned a level 2 spell: Sticks to Snakes
  1635 | D:2      | Found a bloodstained altar of Trog.
  1701 | D:3      | Reached XP level 3. HP: 23/23 MP: 4/6
  1803 | D:3      | Killed from afar by an orc priest

Action                   || total
-------------------------++-------
Melee: Unarmed           ||    41
       Constrict         ||    13
       Tentacles         ||     8
       Kick              ||     5
       Punch             ||     1
Throw: Stone             ||     1
 Cast: Beastly Appendage ||     9
       Sticks to Snakes  ||     1
  Use: Scroll            ||     5
 Stab: Sleeping          ||     3
  Eat: Chunk             ||     2
Armor: Skin              ||     2
Dodge: Dodged            ||    13
